AoeStats
← 17

Black Forest

510235918Analyzed
4v4 RM · 3d ago on Sep 30, 2026· 65m 3s· 8 players
Game mode
Random Map
Map size
Large (8 player)
Population
200
Speed
Normal
Resources
Standard
Victory
Conquest
Starting age
Dark Age
Ending age
Imperial Age
RankedLock teamsTeams togetherTeam positionsShared explorationLock speedFull tech treeHidden civsTurbo modeCheats
Victory
Defeat
🇹🇷 Burgundians · Türkiye
726
+14
🇦🇷 Franks · Argentina
685
+16
🇨🇳 Celts · China
675
+17
🇮🇳 Teutons · India
552
+21
🇨🇱 Goths · Chile
790
-20
🇨🇱 Koreans · Chile
679
-17
🇨🇱 Franks · Chile
656
-16
🇨🇱 Portuguese · Chile
622
-15
massanka21
0:27 Loom
7:22 Double-Bit Axe
12:14 Wheelbarrow
13:18 Wheelbarrow
13:18 Gold Mining
13:19 Stone Mining
18:38 Feudal Age
17:51 Horse Collar
19:47 Hand Cart
19:50 Bow Saw
19:56 Heavy Plow
20:46 Stone Shaft Mining
20:56 Hand Cart
23:32 Fletching
28:38 Castle Age
27:19 Gold Shaft Mining
29:25 Bodkin Arrow
29:31 Padded Archer Armor
30:41 Two-Man Saw
30:14 Crop Rotation
32:19 Caravan
32:58 Guard Tower
33:23 Fortified Wall
33:08 Murder Holes
33:24 Masonry
34:45 Treadmill Crane
35:33 Ballistics
40:44 Imperial Age
39:04 Husbandry
38:24 Cavalier
39:11 Scale Barding Armor
40:35 Chain Barding Armor
40:26 Forging
41:30 Bracer
42:35 Chemistry
42:09 Conscription
42:20 Paladin
43:37 Plate Barding Armor
43:38 Iron Casting
46:47 Blast Furnace
46:12 Bombard Tower
45:38 Arrowslits
45:19 Light Cavalry
47:55 Keep
47:52 Architecture
47:01 Hussar
49:15 Scale Mail Armor
49:31 Leather Archer Armor
55:25 Chain Mail Armor
59:37 Burgundian Vineyards
61:37 Onager
沈玩
14:21 Feudal Age
16:10 Double-Bit Axe
16:06 Horse Collar
22:31 Wheelbarrow
27:30 Castle Age
35:13 Imperial Age
33:04 Hand Cart
33:21 Heavy Plow
35:45 Bow Saw
35:34 Gold Mining
35:34 Stone Mining
37:15 Forging
37:06 Scale Mail Armor
37:11 Scale Barding Armor
37:08 Padded Archer Armor
36:59 Fletching
39:02 Onager
41:21 Gold Shaft Mining
41:21 Stone Shaft Mining
42:48 Conscription
45:25 Siege Onager
46:14 Caravan
49:20 Iron Casting
49:00 Chain Mail Armor
49:06 Chain Barding Armor
49:02 Leather Archer Armor
48:42 Bodkin Arrow
49:30 Pikeman
50:56 Furor Celtica
51:27 Ballistics
51:18 Halberdier
58:15 Masonry
58:14 Siege Engineers
hangover
0:35 Loom
11:41 Feudal Age
12:31 Double-Bit Axe
12:31 Horse Collar
15:47 Gold Mining
15:48 Stone Mining
22:32 Castle Age
22:13 Man-at-Arms
22:56 Long Swordsman
30:44 Imperial Age
32:14 Conscription
31:25 Elite Teutonic Knight
32:19 Elite Teutonic Knight
35:49 Chemistry
35:58 Elite Teutonic Knight
36:56 Pikeman
41:34 Heated Shot
42:05 Ballistics
42:35 Caravan
43:05 Coinage
48:53 Heavy Scorpion
50:46 Town Watch
51:26 Bow Saw
51:33 Heavy Plow
51:29 Cavalier
56:27 Paladin
Alanvzqq
1:02 Loom
13:09 Feudal Age
14:28 Wheelbarrow
13:42 Double-Bit Axe
13:44 Town Watch
13:51 Gold Mining
19:13 Man-at-Arms
20:13 Forging
20:03 Scale Mail Armor
21:58 Scale Barding Armor
27:44 Castle Age
29:31 Bow Saw
33:14 Imperial Age
31:01 Hand Cart
34:55 Fortified Wall
34:57 Masonry
35:48 Chemistry
36:34 Husbandry
39:02 Iron Casting
39:12 Cavalier
41:11 Paladin
43:16 Chain Barding Armor
43:57 Blast Furnace
43:07 Chivalry
46:34 Plate Barding Armor
47:24 Elite Throwing Axeman
47:26 Ordonnance Companies
48:57 Padded Archer Armor
48:47 Fletching
51:30 Caravan
51:35 Bodkin Arrow
51:55 Leather Archer Armor
59:35 Scale Mail Armor
60:55 Conscription
60:46 Town Patrol
61:03 Chain Mail Armor
63:01 Plate Mail Armor
Daton
0:43 Loom
12:53 Feudal Age
15:34 Stone Mining
15:40 Double-Bit Axe
21:45 Wheelbarrow
24:28 Castle Age
22:42 Gold Mining
24:55 Fletching
25:07 Padded Archer Armor
26:20 Gold Shaft Mining
28:17 Leather Archer Armor
27:57 Bodkin Arrow
29:42 Guard Tower
30:14 Ballistics
29:52 Murder Holes
31:23 Hand Cart
32:29 Treadmill Crane
33:00 Fortified Wall
33:01 Masonry
37:46 Imperial Age
38:18 Man-at-Arms
38:43 Gambesons
39:00 Squires
38:45 Arson
38:25 Pikeman
38:53 Capped Ram
40:22 Scale Mail Armor
40:32 Forging
40:49 Conscription
41:51 Elite Throwing Axeman
43:22 Ordonnance Companies
45:18 Caravan
46:06 Chain Mail Armor
45:57 Scale Barding Armor
46:08 Onager
49:16 Husbandry
48:37 Cavalier
50:34 Paladin
53:14 Bow Saw
ISR4 ENRIQUE XXIII
13:19 Feudal Age
17:38 Wheelbarrow
18:55 Horse Collar
20:31 Double-Bit Axe
20:54 Man-at-Arms
22:25 Forging
26:44 Castle Age
26:30 Bloodlines
31:05 Pikeman
34:58 Hand Cart
37:31 Crossbowman
39:20 Scale Barding Armor
39:51 Iron Casting
40:05 Arson
39:42 Long Swordsman
40:08 Gambesons
40:37 Caravan
41:11 Murder Holes
40:42 Light Cavalry
41:23 Husbandry
43:51 Elite Skirmisher
48:01 Imperial Age
45:25 Loom
45:26 Town Watch
48:20 Arbalester
48:44 Halberdier
52:25 Blast Furnace
51:46 Chain Barding Armor
51:26 Scale Mail Armor
51:27 Padded Archer Armor
51:17 Fletching
53:32 Town Patrol
54:36 Chemistry
55:04 Elite Organ Gun
56:47 Two-Handed Swordsman
17
5:19 Loom
10:40 Feudal Age
17:23 Castle Age
20:04 Double-Bit Axe
21:40 Wheelbarrow
21:33 Horse Collar
24:46 Fletching
26:44 Gold Mining
28:17 Hand Cart
29:04 Squires
34:43 Imperial Age
33:32 Heavy Plow
33:47 Bow Saw
36:54 Stone Mining
39:08 Ballistics
39:49 Chemistry
38:31 Treadmill Crane
39:32 Scale Barding Armor
39:38 Forging
39:24 Bodkin Arrow
39:30 Scale Mail Armor
39:30 Padded Archer Armor
40:06 Anarchy
40:07 Perfusion
39:28 Elite Huskarl
42:28 Stone Shaft Mining
43:58 Chain Mail Armor
43:58 Leather Archer Armor
49:40 Pikeman
52:00 Town Watch
53:04 Chain Barding Armor
53:20 Iron Casting
52:45 Bracer
53:09 Halberdier
56:45 Ring Archer Armor
claudio.morales
18:36 Feudal Age
19:04 Horse Collar
19:13 Double-Bit Axe
24:41 Castle Age
25:03 Loom
27:03 Wheelbarrow
27:21 Fletching
28:57 Squires
29:12 Heavy Plow
29:26 Bow Saw
30:56 Husbandry
32:10 Light Cavalry
33:05 Forging
33:01 Scale Barding Armor
37:15 Hand Cart
36:45 Town Watch
38:02 Iron Casting
39:32 Pikeman
42:45 Imperial Age
42:54 Elite War Wagon
43:55 Conscription
43:32 Cavalier
45:28 Thumb Ring
44:44 Elite Skirmisher
46:30 Hussar
48:24 Crossbowman
49:28 Arbalester
52:05 Bodkin Arrow
52:11 Scale Mail Armor
52:35 Chain Barding Armor
53:08 Arson
52:50 Halberdier
53:59 Bracer
56:28 Chemistry
55:49 Ballistics
58:11 Scale Mail Armor
62:12 Two-Man Saw
61:35 Chain Mail Armor
Connection lost

Rejoining the realm…

Still unreachable

The connection could not be restored.

Session expired

The server has moved on; the page needs a fresh start.